 Dungeon Crawl Stone Soup version 0.29-a0-892-g2c4c91d9db (webtiles) character file.

Game seed: 15309143542485342130

1887 Demosthentine the Nimble (level 9, -3/71 HPs)
             Began as a Merfolk Gladiator on July 22, 2022.
             Was an Initiate of the Shining One.
             Killed from afar by an electric eel (11 damage)
             ... with a bolt of electricity
             ... on level 6 of the Dungeon.
             The game lasted 00:05:45 (6605 turns).

Demosthentine the Nimble (Merfolk Gladiator)        Turns: 6605, Time: 00:05:46

Health: -3/71      AC:  6    Str: 16    XL:     9   Next: 14%
Magic:  0/9        EV: 20    Int: 13    God:    the Shining One [......]
Gold:   334        SH:  0    Dex: 17    Spells: 8/8 levels left

rFire   + . .      SeeInvis .   h - +6 spear of the Fray {holy, *Noise rCorr Int+5}
rCold   + . .      Faith    .   (no shield)
rNeg    . . .      Spirit   +   s - +0 leather armour of the Dowdy God {rPois rF+ rC+ rCorr}
rPois   +          Reflect  .   c - +0 helmet
rElec   .          Harm     .   r - +1 cloak
rCorr   +          Rampage  .   (no gloves)
Will    .....                   (boots currently unavailable)
Stlth   +.........              m - amulet of guardian spirit
HPRegen 0.21/turn               (no ring)
MPRegen 0.11/turn               (no ring)

@: glowing, very quick
A: nimble swimmer 2, mertail
a: Renounce Religion


You were on level 6 of the Dungeon.
You worshipped the Shining One.
The Shining One was noncommittal.
You visited 2 branches of the dungeon, and saw 7 of its levels.

You collected 334 gold pieces.

Inventory:

Hand Weapons
 a - a +1 trident
 h - the +6 spear of the Fray (weapon) {holy, *Noise rCorr Int+5}
   (You found it on level 2 of the Dungeon)

   It has been blessed by the Shining One to cause great damage to the undead
   and demons.
   Int:       It affects your intelligence (+5).
   *Noise:    It may make noises in combat.
   rCorr:     It protects you from acid and corrosion.
Missiles
 d - 3 throwing nets (quivered)
 e - a javelin
Armour
 c - a +0 helmet (worn)
 r - a +1 cloak (worn)
 s - the +0 leather armour of the Dowdy God (worn) {rPois rF+ rC+ rCorr}
   (You found it on level 5 of the Dungeon)

   rF:        It protects you from fire.
   rC:        It protects you from cold.
   rPois:     It protects you from poison.
   rCorr:     It protects you from acid and corrosion.
Jewellery
 m - an amulet of guardian spirit (around neck)
 t - a +4 ring of evasion
Scrolls
 b - a scroll of teleportation
 g - a scroll of fear
 n - 2 scrolls of identify
 p - a scroll of magic mapping
 q - a scroll of vulnerability {unknown}
Potions
 f - a potion of ambrosia
 i - 4 potions of curing
 j - 2 potions of flight
 k - 3 potions of lignification
 l - 2 potions of mutation
 o - a potion of resistance
 u - a potion of berserk rage


   Skills:
 + Level 6.6 Fighting
 + Level 8.6 Polearms
 - Level 2.0 Throwing
 + Level 4.2 Armour
 + Level 8.6 Dodging


You had 8 spell levels left.
You didn't know any spells.
Your spell library contained the following spells:

 Spells                   Type           Power      Damage    Failure   Level
 Sandblast                Erth           0%         2d4       36%         1
 Passwall                 Tmut/Erth      0%         N/A       50%         2
 Static Discharge         Conj/Air       0%         3-3/arc   50%         2
 Stone Arrow              Conj/Erth      0%         3d7       73%         3
 Dispel Undead            Necr           0%         3d6       98%         4
 Sticky Flame             Conj/Fire      0%         2d3       98%         4


Dungeon Overview and Level Annotations

Branches:
Dungeon (6/15)             Temple (1/1) D:5

Altars:
Elyvilon
Fedhas
Gozag
Hepliaklqana
Kikubaaqudgha
Makhleb
Nemelex Xobeh
Ru
Sif Muna
Trog
Uskayaw
Vehumet
Wu Jian
Yredelemnul
Zin
The Shining One


Innate Abilities, Weirdness & Mutations

You are very nimble when in or above water. (Stealth+, EV+, Speed+++)
Your lower body shifts to a powerful aquatic tail in water.


Message History

The electric eel shoots out a bolt of lightning at you!
The bolt of electricity hits you!
The electric eel shoots out a bolt of lightning at you!
The bolt of electricity hits the electric eel.
The electric eel completely resists.
The bolt of electricity misses you.
The electric eel shoots out a bolt of lightning at you!
The bolt of electricity misses you. The bolt of electricity hits you!
The bolt of electricity hits the electric eel.
The electric eel completely resists.
Your legs become a tail as you enter the water.
A dart slug comes into view.
You closely miss the electric eel.
The electric eel shoots out a bolt of lightning at you!
The bolt of electricity hits you!
You puncture the electric eel!
Your tail-slap misses the electric eel.
The electric eel is severely wounded.
The electric eel shoots out a bolt of lightning at you!
The bolt of electricity misses you.
The electric eel shoots out a bolt of lightning at you!
The bolt of electricity hits you! The bolt of electricity misses you.
You barely miss the electric eel.
The electric eel is severely wounded.
You closely miss the electric eel.
Your tail-slap misses the electric eel.
The electric eel is severely wounded.
The electric eel shoots out a bolt of lightning at you!
The bolt of electricity misses you.
The electric eel shoots out a bolt of lightning at you!
The bolt of electricity hits you!
* * * LOW HITPOINT WARNING * * *
The bolt of electricity hits you!
* * * LOW HITPOINT WARNING * * *
You hit the electric eel.
The electric eel is severely wounded.
Unknown command.
Unknown command.
You barely miss the electric eel.
Your tail-slap misses the electric eel.
The electric eel is severely wounded.
The electric eel shoots out a bolt of lightning at you!
The bolt of electricity hits you!
You die...

≈≈≈≈.≈≈≈≈≈≈≈!....≈≈≈
≈≈≈≈≈.≈≈≈≈≈≈≈≈....≈≈
≈≈≈≈≈≈...≈≈≈≈≈≈≈...≈≈# #
≈≈≈≈≈≈!<.≈≈≈≈≈≈....≈≈# .
≈#≈≈≈≈≈♣.$≈≈≈≈≈≈w...≈≈# .#
≈≈≈#≈≈≈≈.≈≈≈#≈≈#≈.#.≈≈##.#≈
.#≈≈≈≈≈≈).≈≈≈≈≈≈#.#.≈##.##≈
..≈≈≈≈≈.|.≈≈≈≈≈.#....#.##≈≈
..≈≈≈≈≈≈..@S≈≈≈.......##≈≈≈
$..≈≈≈≈#≈≈≈S≈≈...#....#≈≈≈≈
#...≈≈≈###≈.###.###...≈≈≈≈
#....≈≈.≈≈##.##.# ##....≈≈
#.####..........## ###.... #.##
##......>...#####...# #..#
#.#####............# #..####.##
#.............
#..####........####.............


You could see 2 electric eels and a dart slug.

Vanquished Creatures
  Sigmund (D:4)
  An acid dragon (D:6)
  2 black bears
  A sky beast (D:6)
  2 ogres (D:5)
  A phantom (D:5)
  2 necrophages
  A scorpion (D:6)
  A bullfrog (D:5)
  An electric eel (D:6)
  2 jellies (D:5)
  2 hounds
  5 orc priests
  A gnoll bouda (D:5)
  6 orc wizards
  6 iguanas
  4 gnolls
  5 adders
  An ufetubus (D:3)
  2 worms (D:2)
  10 dart slugs
  17 orcs
  11 ball pythons
  9 bats
  6 endoplasms
  6 giant cockroaches
  6 hobgoblins
  2 jackals (D:4)
  6 frilled lizards
  3 goblins
  5 kobolds
  7 rats
135 creatures vanquished.

Vanquished Creatures (collateral kills)
  An orc (D:3)
1 creature vanquished.

Grand Total: 136 creatures vanquished

Notes
Turn   | Place    | Note
-------+----------+-------------------------------------------
     0 | D:1      | Demosthentine the Merfolk Gladiator began the quest for the
                  | Orb.
     0 | D:1      | Reached XP level 1. HP: 16/16 MP: 1/1
   121 | D:1      | Reached XP level 2. HP: 13/23 MP: 2/2
   553 | D:1      | Reached XP level 3. HP: 28/28 MP: 3/3
   885 | D:2      | Reached skill level 1 in Armour
  1185 | D:2      | Identified the +6 spear of the Fray {holy, *Noise rCorr
                  | Int+5}
  1565 | D:2      | Reached XP level 4. HP: 34/35 MP: 4/4
  2311 | D:3      | Reached skill level 5 in Polearms
  2624 | D:3      | Reached XP level 5. HP: 39/41 MP: 5/5
  2671 | D:3      | Reached skill level 5 in Dodging
  3095 | D:4      | Noticed Sigmund
  3318 | D:4      | Killed Sigmund
  3319 | D:4      | Reached XP level 6. HP: 39/48 MP: 6/6
  3402 | D:4      | Noticed a black bear
  3412 | D:4      | Killed a black bear
  3413 | D:4      | Reached XP level 7. HP: 47/55 MP: 5/7
  3918 | D:5      | Entered Level 5 of the Dungeon
  4091 | D:5      | Reached skill level 5 in Fighting
  4138 | D:5      | Reached XP level 8. HP: 59/62 MP: 5/8
  4178 | D:5      | Found a staircase to the Ecumenical Temple.
  4208 | Temple   | Entered the Ecumenical Temple
  4281 | Temple   | Became a worshipper of the Shining One
  4349 | D:5      | Identified the +0 leather armour of the Dowdy God {rPois
                  | rF+ rC+ rCorr}
  5564 | D:6      | Reached XP level 9. HP: 61/71 MP: 6/9
  6093 | D:6      | HP: 2/71 [electric eel/bolt of electricity (8)]
  6605 | D:6      | Killed from afar by an electric eel

Illustrated notes

Levels and vault maps discovered:
D:1:      dpeg_arrival_rhombus, layout_rooms, serial_bayou, serial_bayou_pond_a,
          serial_bayou_shore_b, serial_bayou_pond_d, serial_bayou_pond_e
D:2:      layout_loops_ring, st_stairs_11
D:3:      layout_basic
D:4:      layout_rooms, serial_curves, eino_curves_03, eino_curves_02,
          kennysheep_small_spiral, uniq_sigmund
D:5:      layout_basic, minmay_temple_entry_nine_rooms
D:6:      kennysheep_slugbush, layout_layer_cave,
          mainiacjoe_overflow_tiny_flanked, grunt_decor_junction
Temple:   nicolae_temple_x_marks_the_god

Skill      XL: |  1  2  3  4  5  6  7  8 |
---------------+-------------------------+-----
Armour         | 1 2 3 4 |  4.2
Fighting       | 3 4 5 6 |  6.6
Polearms       | 5 6 7 8 |  8.6
Dodging        | 5 6 7 8 |  8.6
Throwing       | |  2.0

Action                   |  1- 3 |  4- 6 |  7- 9 || total
-------------------------+-------+-------+-------++-------
Melee: Trident           |   103 |       |       ||   103
       Spear             |    18 |    93 |   246 ||   357
       Punch             |       |       |     5 ||     5
       Tailslap          |       |       |     2 ||     2
Throw: Throwing net      |       |     1 |       ||     1
  Use: Scroll            |     2 |     8 |    11 ||    21
       Potion            |       |     3 |     1 ||     4
 Stab: Sleeping          |     1 |       |       ||     1
       Held in net/web   |       |     1 |       ||     1
       Distracted        |       |       |     1 ||     1
Armor: Leather armour    |    37 |    15 |    31 ||    83
Dodge: Dodged            |    71 |    39 |   104 ||   214

Table legend: (Time is in decaauts)
 A = Elapsed time spent in this place.
 B = Non-inter-level travel time spent in this place.
 C = Inter-level travel time spent in this place.
 D = Time resting spent in this place.
 E = Time spent auto-exploring this place.
 F = Levels seen in this place.
 G = Mean time per level.
                   A        B        C        D        E       F      G
               +--------+--------+--------+--------+--------+-----+--------+
         Total |   6518 |   6401 |    117 |   1527 |   3861 |   7 |  931.1 |
       Dungeon |   6436 |   6319 |    117 |   1527 |   3794 |   6 | 1072.7 |
        Temple |     81 |     81 |      0 |      0 |     67 |   1 |   81.0 |
               +--------+--------+--------+--------+--------+-----+--------+

Top non-repeatable levels by time:
     D:5: 1383 daAuts
     D:2: 1283 daAuts
     D:6: 1137 daAuts
     D:3: 1048 daAuts
     D:1: 860 daAuts
     D:4: 723 daAuts
  Temple: 81 daAuts
